 Seeded DCSS version 0.29.1-15-g9cfb28693d (webtiles) character file.

Game seed: 18053537605390411477 (custom seed)

4212 IndexError the Skirmisher (level 10, -3/66 HPs)
             Began as a Gargoyle Hunter on Mar 5, 2023.
             Was an Initiate of Hepliaklqana.
             Slain by a troll (10 damage)
             ... on level 7 of the Dungeon.
             The game lasted 00:10:05 (6658 turns).

IndexError the Skirmisher (Gargoyle Hunter)         Turns: 6658, Time: 00:10:06

Health: -3/66      AC: 15    Str: 14    XL:     10   Next: 29%
Magic:  10/10      EV: 11    Int: 11    God:    Hepliaklqana [......]
Gold:   201        SH:  5    Dex: 17    Spells: 9/9 levels left

rFire   . . .      SeeInvis +   a - +9 heavy crossbow "Sniper" {vorpal, Acc+∞ SInv}
rCold   + . .      Faith    .   (shield currently unavailable)
rNeg    + . .      Spirit   .   F - +3 leather armour
rPois   ∞          Reflect  +   s - +0 helmet
rElec   +          Harm     .   (no cloak)
rCorr   .          Rampage  .   l - +0 pair of gloves
Will    .....                   (no boots)
Stlth   ++........              E - amulet of reflection
HPRegen 0.21/turn               g - ring of protection from cold {rC+, !d}
MPRegen 0.12/turn               (no ring)

@: no status effects
A: sickness immunity, AC +7, negative energy resistance 1, electricity
resistance, torment resistance 1, petrification resistance
a: Renounce Religion


You were on level 7 of the Dungeon.
You worshipped Hepliaklqana.
Hepliaklqana was noncommittal.
You visited 2 branches of the dungeon, and saw 8 of its levels.

You collected 453 gold pieces.
You spent 252 gold pieces at shops.

Inventory:

Hand Weapons
 a - the +9 heavy crossbow "Sniper" (weapon) {vorpal, Acc+∞ SInv}
   (You found it on level 3 of the Dungeon)

   Any ammunition fired from it inflicts extra damage upon your enemies.
   Any ammunition fired from it never misses its target.
   SInv:      It lets you see invisible.
 c - the +9 hand axe of Joyleq {freeze, rC+ rCorr Stlth+}
   (You found it on level 6 of the Dungeon)

   It freezes those it strikes, dealing additional cold damage.
   It can also slow down cold-blooded creatures.
   rC:        It protects you from cold.
   rCorr:     It protects you from acid and corrosion.
   Stlth:     It makes you more stealthy.
 t - a +0 shortbow
Missiles
 H - 2 javelins
Armour
 l - a +0 pair of gloves (worn)
   (You found it on level 2 of the Dungeon)
 s - a +0 helmet (worn)
   (You found it on level 3 of the Dungeon)
 B - the +4 ring mail of Free Will {Will- Int+5 SInv}
   (You bought it in a shop on level 6 of the Dungeon)

   Int:       It affects your intelligence (+5).
   SInv:      It lets you see invisible.
   Will:      It decreases your willpower.
 F - a +3 leather armour (worn)
   (You took it off an orc on level 5 of the Dungeon)
Jewellery
 g - a ring of protection from cold (left hand) {rC+, !d}
   (You found it on level 1 of the Dungeon)
 D - a ring of wizardry {Wiz+, !d}
   (You found it on level 6 of the Dungeon)
 E - an amulet of reflection (around neck)
   (You took it off a goblin on level 4 of the Dungeon)
Wands
 u - a wand of digging (6)
   (You found it on level 4 of the Dungeon)
 w - a wand of polymorph (6)
   (You found it on level 4 of the Dungeon)
Scrolls
 b - a scroll of immolation {!r}
 h - a scroll of butterflies {unknown}
 k - 3 scrolls of teleportation {unknown}
 m - 2 scrolls of enchant armour {unknown}
 n - 3 scrolls of identify {unknown}
 p - a scroll of amnesia {unknown}
 r - 2 scrolls of fear {unknown}
 y - a scroll of poison {unknown}
 z - a scroll of magic mapping {unknown}
 C - a scroll of noise {unknown}
 G - 2 scrolls of enchant weapon {unknown}
Potions
 d - a potion of flight {unknown}
 e - a potion of invisibility {unknown}
 f - 4 potions of mutation {unknown}
 i - 3 potions of berserk rage {unknown}
 j - 2 potions of heal wounds {unknown}
 o - 3 potions of curing {unknown}
 q - a potion of haste {unknown}
 v - a potion of ambrosia {unknown}
 x - 5 potions of brilliance {unknown}
 A - a potion of lignification {unknown}


   Skills:
 + Level 9.6 Fighting
 * Level 12.5 Ranged Weapons
 - Level 1.5 Dodging
 - Level 1.1 Stealth


You had 9 spell levels left.
You didn't know any spells.
Your spell library contained the following spells:

 Spells                   Type           Power      Damage    Failure   Level
 Portal Projectile        Hex/Tloc       0%         N/A       80%         3
 Tukima's Dance           Hex            0%         N/A       80%         3
 Blade Hands              Tmut           0%         N/A       100%        5


Dungeon Overview and Level Annotations

Branches:
Dungeon (7/15)             Temple (1/1) D:4

Altars:
Cheibriados
Elyvilon
Fedhas
Gozag
Hepliaklqana
Kikubaaqudgha
Makhleb
Nemelex Xobeh
Okawaru
Qazlal
Ru
Sif Muna
Trog
Uskayaw
Vehumet
Wu Jian
Xom
Yredelemnul
Zin
The Shining One

Shops:
D:1 =!=   D:6 [


Innate Abilities, Weirdness & Mutations

You are immune to sickness and miasma.
Your stone body is resilient. (AC +7)
You are immune to poison.
You resist negative energy. (rN+)
You are resistant to electric shocks. (rElec)
You are resistant to unholy torment.
You are immune to petrification.


Message History

There is a stone staircase leading up here.
You climb upwards.
There is a stone staircase leading down here.
You climb downwards.
There is a stone staircase leading up here.
There is a stone staircase leading up here.
You climb upwards.
Found three altars.
There is a stone staircase leading down here.
Done exploring.
Done exploring.
There is a hazy altar of Hepliaklqana here.
You kneel at the altar of Hepliaklqana.
Hepliaklqana welcomes you!
There is a stone staircase leading down here.
You climb downwards.
There is a stone staircase leading up here.
A bullfrog comes into view.
You shoot a bolt. The bolt hits the bullfrog!!!
A bullfrog comes into view.
An ice beast comes into view.
A necrophage comes into view.
Your Ranged Weapons skill increases to level 12!
You shoot a bolt.
The bolt hits the necrophage but does no damage.
You shoot a bolt. The bolt hits the bullfrog!!!
You block the necrophage's attack. The necrophage barely misses you.
The ice beast barely misses you.
You shoot a bolt. The bolt hits the ice beast!!
The ice beast hits you. The ice beast freezes you. You resist.
The necrophage hits you but does no damage.
The ice beast closely misses you. You block the necrophage's attack.
You take 9 damage, and have 57/66 hp.
You shoot a bolt. The bolt hits the ice beast!
The necrophage hits you but does no damage.
The necrophage closely misses you.
You shoot a bolt. The bolt hits the necrophage!!
No target in view!
HP restored.
H - 2 javelins An orc wizard, a komodo dragon and a yak come into view.
The orc wizard is wielding a +0 dagger of venom.
The yak bellows!
The komodo dragon hisses angrily.
A troll comes into view.
Health restored: 66 You shoot a bolt.
The bolt hits the orc wizard!!
You shoot a bolt. The bolt hits the komodo dragon!!
You block the komodo dragon's attack.
The komodo dragon bites you but does no damage.
You shoot a bolt. The bolt hits the komodo dragon!!
A slime creature comes into view.
The yak gores you.
You take 3 damage, and have 63/66 hp.
You shoot a bolt. The bolt hits the yak!!
The yak gores you.
The slime creature hits you but does no damage.
The yak gores you. The slime creature hits you!
You take 18 damage, and have 45/66 hp.
MASSIVE DAMAGE!!
You shoot a bolt. The bolt hits the yak!
The slime creature hits you.
You block the troll's attack. x2; The troll claws you but does no damage.
The slime creature hits you but does no damage.
You take 6 damage, and have 39/66 hp.
You are too injured to fight recklessly!
You are too injured to fight recklessly!
Fire: a) +9 heavy crossbow "Sniper" {vorpal, Acc+∞ SInv}
Press: ? - help, Q - select action, (/) - cycle Shift-Dir - straight line, f - slime creature
Aim: a slime creature (100% to hit)
You shoot a bolt. The bolt hits the slime creature!!
The troll misses you. x2; The troll claws you.
The slime creature hits you but does no damage.
The slime creature barely misses you. The troll bites you but does no damage.
The troll claws you but does no damage. x2
You take 3 damage, and have 36/66 hp.
Fire: a) +9 heavy crossbow "Sniper" {vorpal, Acc+∞ SInv}
Press: ? - help, Q - select action, (/) - cycle Shift-Dir - straight line, f/p - slime creature
Aim: a slime creature (moderately wounded, 100% to hit)
You shoot a bolt. The bolt hits the slime creature!!
The troll bites you. The troll claws you!
The troll claws you but does no damage. You block the slime creature's attack.
The slime creature hits you but does no damage.
The troll barely misses you. x2; The troll claws you.
* * * LOW HITPOINT WARNING * * *
You take 20 damage, and have 16/66 hp.
MASSIVE DAMAGE!!
Fire: a) +9 heavy crossbow "Sniper" {vorpal, Acc+∞ SInv}
Press: ? - help, Q - select action, (/) - cycle Shift-Dir - straight line, f/p - slime creature
Aim: a slime creature (almost dead, 100% to hit)
You shoot a bolt. The bolt hits the slime creature!!
The troll bites you but does no damage. You block the troll's attack.
The troll claws you.
* * * LOW HITPOINT WARNING * * *
The troll bites you but does no damage.
The troll claws you but does no damage. x2
Fire: a) +9 heavy crossbow "Sniper" {vorpal, Acc+∞ SInv}
Press: ? - help, Q - select action, (/) - cycle Shift-Dir - straight line, f - troll
Aim: a troll (100% to hit)
You shoot a bolt. The bolt hits the troll.
You block the troll's attack. x2; The troll closely misses you.
The troll bites you.
* * * LOW HITPOINT WARNING * * *
You block the troll's attack. The troll claws you.
* * * LOW HITPOINT WARNING * * *
The troll bites you!
You die...

#.####.#####<#
#............#
.########.#######
..........#
.####)...#
##..#.# ###..#..#
#...#.#.#
#...##@##.# #..#
#T#..# #.. )## .#
#. .. # #.# #. .#
#.


You could see a troll.

Vanquished Creatures
  Pikel (D:4)
  A moth of wrath (D:4)
  A komodo dragon (D:7)
  A slime creature (D:7)
  A wyvern (D:7)
  6 yaks
  2 steam dragons
  Edmund (D:4)
  2 water moccasins
  3 ice beasts
  2 black bears
  A lemure (D:4)
  2 bullfrogs (D:7)
  A necrophage (D:7)
  A vampire bat (D:4)
  A howler monkey (D:5)
  2 jellies
  A hound (D:5)
  3 orc priests
  2 iguanas
  4 orc wizards
  Robin (D:4)
  8 adders
  3 gnolls (D:4)
  9 bats (D:4)
  An ufetubus (D:6)
  2 worms
  A dart slug (D:2)
  3 fire bats (D:4)
  22 orcs
  2 spectral bats (D:4)
  3 bat skeletons (D:4)
  A bat zombie (D:4)
  8 endoplasms
  3 giant cockroaches
  7 goblins
  6 hobgoblins
  A quokka (D:5)
  6 ball pythons
  A bat simulacrum (D:4)
  2 frilled lizards
  7 kobolds
  7 rats
143 creatures vanquished.

Vanquished Creatures (others)
  46 plants (D:5)
  2 withered plants (D:7)
48 creatures vanquished.

Grand Total: 191 creatures vanquished

Notes
Turn   | Place    | Note
-------+----------+-------------------------------------------
     0 | D:1      | IndexError the Gargoyle Hunter began the quest for the Orb.
     0 | D:1      | Reached XP level 1. HP: 12/12 MP: 1/1
    34 | D:1      | Found Yheup's Distillery.
   233 | D:1      | Found Mugenye's Jewellery Boutique.
   387 | D:1      | Reached XP level 2. HP: 18/18 MP: 2/2
   390 | D:1      | Found Bangin's Jewellery Shop.
  1656 | D:2      | Reached XP level 3. HP: 22/22 MP: 3/3
  2462 | D:3      | Reached skill level 3 in Fighting
  2462 | D:3      | Reached skill level 5 in Ranged Weapons
  2462 | D:3      | Reached XP level 4. HP: 28/28 MP: 4/4
  2585 | D:3      | Found the +9 heavy crossbow "Sniper" {vorpal, Acc+∞ SInv}
  2873 | D:4      | Reached XP level 5. HP: 16/32 MP: 5/5
  3121 | D:4      | Noticed a lemure
  3122 | D:4      | Killed a lemure
  3128 | D:4      | Noticed a lemure
  3128 | D:4      | Noticed Pikel
  3131 | D:4      | Noticed a lemure
  3133 | D:4      | Killed Pikel
  3134 | D:4      | Reached skill level 5 in Fighting
  3134 | D:4      | Reached skill level 7 in Ranged Weapons
  3134 | D:4      | Reached XP level 6. HP: 23/40 MP: 6/6
  3134 | D:4      | Reached XP level 7. HP: 25/44 MP: 7/7
  3675 | D:4      | Found a staircase to the Ecumenical Temple.
  3676 | D:4      | Noticed Edmund
  3680 | D:4      | Killed Edmund
  3681 | D:4      | Reached skill level 8 in Ranged Weapons
  3841 | Temple   | Entered the Ecumenical Temple
  4176 | D:4      | Reached XP level 8. HP: 51/51 MP: 8/8
  4188 | D:4      | Noticed Robin
  4192 | D:4      | Killed Robin
  4192 | D:4      | Identified the +3 war axe of Loowaese {vorpal, rN+ Will+
                  | Dex+5}
  4236 | D:4      | Noticed a moth of wrath
  4248 | D:4      | You fall into a shaft and drop 2 floors!
  4315 | D:6      | Found a glowing silver altar of Zin.
  4348 | D:6      | Reached skill level 6 in Fighting
  4372 | D:6      | Found Fuck's Antique Armour Shoppe.
  4380 | D:6      | Bought a heavily runed ring mail for 252 gold pieces
  4380 | D:6      | Identified the +4 ring mail of Free Will {Will- Int+5 SInv}
                  | (You bought it in a shop on level 6 of the Dungeon)
  4461 | D:5      | Entered Level 5 of the Dungeon
  4567 | D:4      | Found a bloodstained altar of Trog.
  4598 | D:4      | Killed a moth of wrath
  4599 | D:4      | Reached skill level 9 in Ranged Weapons
  4692 | D:4      | Reached skill level 7 in Fighting
  5283 | D:5      | Reached XP level 9. HP: 57/57 MP: 9/9
  5284 | D:5      | Reached skill level 10 in Ranged Weapons
  5765 | D:6      | Reached skill level 8 in Fighting
  5765 | D:6      | Identified the +9 hand axe of Joyleq {freeze, rC+ rCorr
                  | Stlth+}
  6050 | D:6      | Found a radiant altar of Vehumet.
  6198 | D:7      | Reached skill level 11 in Ranged Weapons
  6518 | D:7      | Reached skill level 9 in Fighting
  6518 | D:7      | Reached XP level 10. HP: 66/66 MP: 10/10
  6574 | D:6      | Found a burning altar of Makhleb.
  6574 | D:6      | Found a shimmering blue altar of Sif Muna.
  6574 | D:6      | Found a hazy altar of Hepliaklqana.
  6583 | D:6      | Became a worshipper of Hepliaklqana the Forgotten
  6602 | D:7      | Reached skill level 12 in Ranged Weapons
  6656 | D:7      | HP: 16/66 [troll (6)]
  6658 | D:7      | HP: 7/66 [troll (5)]
  6658 | D:7      | Slain by a troll

Illustrated notes

Levels and vault maps discovered:
D:1:      ncdulo_watergridlock, layout_basic, serial_forest,
          infiniplex_forest_end_3, infiniplex_forest_lined_room_,
          infiniplex_forest_clump_medium, infiniplex_forest_zigzag_2,
          infiniplex_forest_straight_3, infiniplex_forest_clump_tiny,
          serial_shops, nicolae_shop_statue_plus, shop_fountains, shop
D:2:      layout_basic, minmay_pentomino_pile
D:3:      layout_loops_corners
D:4:      layout_loops_ring, tgw_trog, minmay_temple_entry_hall, goddamned_bats,
          uniq_pikel, uniq_robin, uniq_edmund
D:5:      layout_loops_ring, kennysheep_boxes
D:6:      layout_basic, general_overflow_altar, nicolae_overflow_hidden_temple,
          serial_shops, shop
D:7:      layout_loops_ring, serial_undead, serial_undead_f, serial_undead_f,
          serial_undead_a, serial_undead_b, minmay_manual_mess
Temple:   eino_narrow_crystal_temple

Skill      XL: |  1  2  3  4  5  6  7  8  9 10 |
---------------+-------------------------------+-----
Fighting       | 3 5 7 9 |  9.6
Ranged Weapons | 5 7 8 9 11 12 | 12.5
Dodging        | |  1.5
Stealth        | |  1.1

Action                   |  1- 3 |  4- 6 |  7- 9 | 10-12 || total
-------------------------+-------+-------+-------+-------++-------
Melee: Shortbow          |    31 |       |       |       ||    31
 Fire: Shortbow          |    73 |    11 |       |       ||    84
       Heavy crossbow    |       |    12 |   126 |    15 ||   153
Evoke: Wand              |       |       |     1 |       ||     1
Armor: Leather armour    |    10 |     8 |    60 |    16 ||    94
Dodge: Dodged            |    14 |    10 |    86 |    10 ||   120
Block: Other             |       |       |     5 |    10 ||    15

Table legend: (Time is in decaauts)
 A = Elapsed time spent in this place.
 B = Non-inter-level travel time spent in this place.
 C = Inter-level travel time spent in this place.
 D = Time resting spent in this place.
 E = Time spent auto-exploring this place.
 F = Levels seen in this place.
 G = Mean time per level.
                   A        B        C        D        E       F      G
               +--------+--------+--------+--------+--------+-----+--------+
         Total |   6902 |   6255 |    647 |      0 |   5400 |   8 |  862.8 |
       Dungeon |   6721 |   6087 |    634 |      0 |   5240 |   7 |  960.1 |
        Temple |    180 |    167 |     13 |      0 |    160 |   1 |  180.0 |
               +--------+--------+--------+--------+--------+-----+--------+

Top non-repeatable levels by time:
     D:4: 1626 daAuts
     D:2: 1064 daAuts
     D:1: 1052 daAuts
     D:6: 1016 daAuts
     D:3: 997 daAuts
     D:5: 769 daAuts
     D:7: 195 daAuts
  Temple: 180 daAuts

Table legend:
 A = Kills in this place as a percentage of kills in entire the game.
 B = Kills by you in this place as a percentage of kills by you in the entire game.
 C = Kills by friends in this place as a percentage of kills by friends in the entire game.
 D = Other kills in this place as a percentage of other kills in the entire game.
 E = Experience gained in this place as a percentage of experience gained in the entire game.
 F = Experience gained in this place divided by the number of levels of this place that you have seen.
                   A       B       C       D       E      F
               +-------+-------+-------+-------+-------+----------------------
         Total | 100.0 | 100.0 |   N/A |   N/A | 100.0 | 752.2
       Dungeon | 100.0 | 100.0 |   N/A |   N/A | 100.0 | 859.7
               +-------+-------+-------+-------+-------+----------------------
